 Dungeon Crawl Stone Soup version 0.26.1-11-gd32895ea62 (webtiles) character file.

Game seed: 2844305187985812892

1250 Zeld the Cleaver (level 8, 0/64 HPs)
             Began as a Minotaur Berserker on May 23, 2021.
             Was an Elder of Trog.
             Slain by a gnoll
             ... wielding a +0 spear
              (8 damage)
             ... on level 6 of the Dungeon.
             The game lasted 00:06:58 (6582 turns).

Zeld the Cleaver (Minotaur Berserker)               Turns: 6582, Time: 00:07:00

Health: 0/64       AC:  3    Str: 24    XL:     8   Next: 26%
Magic:  7/7        EV: 12    Int:  4    God:    Trog [****..]
Gold:   103        SH:  0    Dex: 10    Spells: 7/7 levels left

rFire    . . .     SeeInvis .   i - +5 hand axe (freeze)
rCold    . . .     Faith    .   (no shield)
rNeg     . . .     Spirit   .   (no armour)
rPois    .         Reflect  .   (helmet restricted)
rElec    .         Harm     .   j - scarf {repulsion}
rCorr    .         Rampage  .   s - +2 pair of gloves
Will     ++...                  (no boots)
Stlth    +.........             (no amulet)
HPRegen  1.20/turn              (no ring)
MPRegen  0.10/turn              (no ring)

@: lethally poisoned (0 -> -1), regenerating, repel missiles
A: retaliatory headbutt, horns 2
a: Renounce Religion, Berserk, Trog's Hand, Brothers in Arms


You were on level 6 of the Dungeon.
You worshipped Trog.
Trog was greatly pleased with you.
You visited 2 branches of the dungeon, and saw 7 of its levels.
You also visited: Sewer.

You collected 256 gold pieces.
You spent 153 gold pieces at shops.

Inventory:

Hand Weapons
 a - a +0 hand axe
 i - a +5 hand axe of freezing (weapon)
Armour
 j - a scarf of repulsion (worn)
 s - a +2 pair of gloves (worn)
Wands
 n - a wand of flame (20)
 r - a wand of iceblast (9)
Scrolls
 b - a scroll of magic mapping
 d - 4 scrolls of identify
 e - 5 scrolls of remove curse
 f - 2 scrolls of blinking
 g - 2 scrolls of enchant armour
 o - 5 scrolls of teleportation
Potions
 c - 3 potions of attraction {unknown}
 h - 5 potions of might {unknown}
 k - 4 potions of degeneration {unknown}
 l - 2 potions of brilliance {unknown}
 m - 4 potions of curing {unknown}
 p - a potion of ambrosia {unknown}
 q - a potion of mutation {unknown}
 t - 3 potions of heal wounds {unknown}
 u - a potion of flight {unknown}


   Skills:
 - Level 3.6 Fighting
 * Level 12.1 Axes
 - Level 2.4 Armour
 - Level 2.1 Dodging


You had 7 spell levels left.
You didn't know any spells.
Your spell library was empty.

Dungeon Overview and Level Annotations

Branches:
Dungeon (6/15)             Temple (1/1) D:5           Sewer (visited)

Altars:
Ashenzari
Cheibriados
Dithmenos
Elyvilon
Fedhas
Gozag
Kikubaaqudgha
Makhleb
Nemelex Xobeh
Okawaru
Qazlal
Sif Muna
Trog
Uskayaw
Vehumet
Wu Jian
Xom
Yredelemnul
Zin
The Shining One

Shops:
D:4 (}[*:


Innate Abilities, Weirdness & Mutations

You reflexively headbutt those who attack you in melee.
You have a pair of horns on your head.


Message History

You are too injured to fight recklessly!
You barely miss the worker ant. Your headbutt misses the worker ant.
The worker ant is severely wounded.
You feel sick. The worker ant bites you!
* * * LOW HITPOINT WARNING * * *
The gnoll hits you from afar with a +0 spear.
* * * LOW HITPOINT WARNING * * *
You feel sick.
You feel sick. The worker ant bites you.
* * * LOW HITPOINT WARNING * * *
You feel sick.
You feel sick.
Your skin crawls.
You feel strong-willed. The worker ant bites you.
* * * LOW HITPOINT WARNING * * *
You are more poisoned.
The worker ant poisons you!
The gnoll hits you from afar with a +0 spear!
You die...

........# #.#
.....##.# #. ##.##
..#####.# #. ##...##
### #.# .##.....# #
#[# .....g..# # #.#
#.#.....# # #####.#
#.##)..# # #.....#
#######.###)# #
#.##### #..@Bgg.gg..#
# #.# #.#####.##### #
#.# ##.## #.# #.#
##...## #.#
###.########.....###.#
##................##.#
#...#####[...........#
..#.†..##.#......)####
#...##.##.##.....##


You could see a worker ant and 4 gnolls.

Vanquished Creatures
  A troll (D:4)
  2 ogres (D:4)
  2 big kobolds (Sewer)
  A scorpion (D:6)
  2 orc priests (D:3)
  A centaur skeleton (D:6)
  3 hounds
  Jessica (D:2)
  4 iguanas
  Robin (D:4)
  6 adders
  10 gnolls
  A river rat (D:5)
  A white imp (D:5)
  An ufetubus (D:5)
  5 oozes
  An adder zombie (D:5)
  A worm (D:2)
  8 dart slugs
  4 leopard geckos
  12 orcs
  8 giant cockroaches
  13 goblins
  10 hobgoblins
  7 jackals
  A quokka (D:3)
  7 ball pythons
  16 bats
  2 frilled lizards
  22 kobolds
  A leopard gecko skeleton (D:5)
  9 rats
164 creatures vanquished.

Vanquished Creatures (others)
  2 fungi (Sewer)
  3 plants (Sewer)
5 creatures vanquished.

Grand Total: 169 creatures vanquished

Notes
Turn   | Place    | Note
-------+----------+-------------------------------------------
     0 | D:1      | Zeld the Minotaur Berserker began the quest for the Orb.
     0 | D:1      | Reached XP level 1. HP: 19/19 MP: 0/0
   141 | D:1      | Reached skill level 4 in Axes
   426 | D:1      | Reached XP level 2. HP: 23/26 MP: 1/1
   912 | D:1      | Reached skill level 5 in Axes
  1024 | D:1      | Reached XP level 3. HP: 29/31 MP: 2/2
  1031 | D:1      | Reached ** piety under Trog
  1433 | D:2      | Reached skill level 6 in Axes
  1433 | D:2      | Reached XP level 4. HP: 39/39 MP: 3/3
  1530 | D:2      | Noticed Jessica
  1535 | D:2      | Killed Jessica
  1792 | D:3      | Reached skill level 7 in Axes
  1792 | D:3      | Reached XP level 5. HP: 45/45 MP: 4/4
  1920 | D:3      | Found a white marble altar of Elyvilon.
  2359 | D:3      | Reached *** piety under Trog
  2659 | D:3      | Reached skill level 8 in Axes
  2812 | D:3      | Reached XP level 6. HP: 41/51 MP: 5/5
  3238 | D:4      | Found Ukehio Qoask's Antique Weapon Boutique.
  3240 | D:4      | Found Githeb's Armour Shoppe.
  3606 | D:4      | Reached skill level 9 in Axes
  3929 | D:4      | Found Ipty's Gadget Emporium.
  3937 | D:4      | Bought a wand of flame (11) for 78 gold pieces
  3962 | D:4      | Found Dosu's General Store.
  3981 | D:4      | Bought a scroll of blinking for 75 gold pieces
  4273 | D:4      | Noticed Robin
  4279 | D:4      | Killed Robin
  4485 | D:4      | Reached XP level 7. HP: 45/57 MP: 6/6
  4566 | D:4      | Noticed a troll
  4576 | D:4      | Killed a troll
  4577 | D:4      | Reached skill level 10 in Axes
  4826 | D:4      | Found an iron altar of Okawaru.
  4893 | D:4      | Found a shadowy altar of Dithmenos.
  4898 | D:4      | Found a blossoming altar of Fedhas.
  4898 | D:4      | Found a stormy altar of Qazlal.
  5029 | D:4      | Found Boruj's Book Emporium.
  5123 | D:5      | Entered Level 5 of the Dungeon
  5199 | D:5      | Reached skill level 11 in Axes
  5230 | D:5      | Found a glowing drain.
  5259 | Sewer    | Entered a sewer
  5282 | Sewer    | Reached **** piety under Trog
  5590 | Sewer    | Reached XP level 8. HP: 64/64 MP: 7/7
  5783 | D:5      | Found a staircase to the Ecumenical Temple.
  5810 | Temple   | Entered the Ecumenical Temple
  6464 | D:6      | Found a shimmering altar of Xom.
  6516 | D:6      | Reached skill level 12 in Axes
  6582 | D:6      | Slain by a gnoll

Illustrated notes

Levels and vault maps discovered:
D:1:      evilmike_arrival_crescent, layout_rooms
D:2:      layout_rooms, kennysheep_generic_room_11, uniq_jessica
D:3:      layout_basic, elyvilon_altar_4
D:4:      layout_cave_pods, grunt_temple_overflow_open,
          okawaru_ov_weapons_minmay, serial_shops, shop_statue, shop,
          shop_coins, shop, kennysheep_mini, hangedman_decor_diamond_cutter,
          uniq_robin
D:5:      kennysheep_slugbush, layout_loops_ring,
          minmay_temple_entry_statues_fountains, portal_sewer_entry_b
D:6:      layout_loops_ring, kennysheep_little_box, basic_altar, tgw_sif
Temple:   regret_index_temple_waves

Skill      XL: |  1  2  3  4  5  6  7  8 |
---------------+-------------------------+-----
Axes           | 4 5 6 7 8 9 11 12 | 12.1
Fighting       | |  3.6
Armour         | |  2.4
Dodging        | |  2.1

Action                   |  1- 3 |  4- 6 |  7- 9 || total
-------------------------+-------+-------+-------++-------
Melee: Hand axe          |    71 |   112 |   117 ||   300
       Headbutt          |     7 |     8 |    15 ||    30
Invok: Berserk           |       |     1 |     1 ||     2
       Trog's Hand       |       |       |     2 ||     2
  Use: Scroll            |       |       |     8 ||     8
Armor: Skin              |       |     7 |    23 ||    30
Dodge: Dodged            |    54 |    61 |    64 ||   179
       Repelled          |       |       |     2 ||     2
